 Seeded DCSS version 0.28-a0-1184-g53156a8862 (webtiles) character file.

Game seed: 13830840339789785966 (custom seed)

7 ytrimaz the Insei (level 2, 18/18 HPs)
             Began as an Octopode Transmuter on Dec 17, 2021.
             Quit the game on level 1 of the Dungeon.
             The game lasted 00:00:17 (515 turns).

ytrimaz the Insei (Octopode Transmuter)              Turns: 515, Time: 00:00:17

Health: 18/18      AC:  1    Str:  9    XL:     2   Next: 0%
Magic:  4/5        EV: 13    Int: 15    God:
Gold:   21         SH:  0    Dex: 12    Spells: 4/5 levels left

rFire   . . .      SeeInvis .     - Unarmed
rCold   . . .      Faith    .   (no shield)
rNeg    . . .      Spirit   .   (helmet currently unavailable)
rPois   .          Reflect  .   (no amulet)
rElec   .          Harm     .   (no ring)
rCorr   .          Rampage  .   (no ring)
Will    .....                   (no ring)
Stlth   ++........              (no ring)
HPRegen 0.06/turn               (no ring)
MPRegen 0.09/turn               (no ring)
                                (no ring)
                                (no ring)

@: appendages
A: tentacle spike 3, almost no armour, amphibious, 8 rings, camouflage 1,
gelatinous body 1, (nimble swimmer 1), tentacles
a: End Transformation


You were on level 1 of the Dungeon.
One of your tentacles had grown a beastly spike.
You visited 1 branch of the dungeon, and saw 1 of its levels.

You collected 21 gold pieces.

You aren't carrying anything.


   Skills:
 * Level 1.1 Fighting
 * Level 2.1 Dodging
 + Level 3.1 Unarmed Combat
 * Level 2.1 Spellcasting
 * Level 2.1 Transmutations


You had 4 spell levels left.
You knew the following spells:

 Your Spells              Type           Power      Damage    Failure   Level
a - Beastly Appendage     Tmut           14%        N/A       10%         1

Your spell library contained the following spells:

 Spells                   Type           Power      Damage    Failure   Level
 Wereblood                Tmut           7%         N/A       14%         2
 Spider Form              Tmut/Pois      4%         N/A       38%         3
 Ice Form                 Ice/Tmut       4%         N/A       80%         4


Dungeon Overview and Level Annotations

Branches:
Dungeon (1/15)

Altars:


Innate Abilities, Weirdness & Mutations

One of your tentacles has grown a beastly spike.
You cannot wear most types of armour.
You are amphibious.
You can wear up to eight rings at the same time.
Your skin changes colour to match your surroundings (Stealth+).
Your rubbery body absorbs attacks. (AC +1, EV +1)
((You are camouflaged near water. (Stealth+)))
You have tentacles for arms and can constrict up to eight enemies at once.


Message History

You tentacle-slap the kobold.
You kill the kobold!
Found a leather armour.
The giant cockroach bites you.
Things that are here:
a +0 short sword; a kobold corpse You completely miss the giant cockroach.
You grab the giant cockroach. You constrict the giant cockroach.
The giant cockroach barely misses you.
You tentacle-slap the giant cockroach. You squeeze the giant cockroach.
You kill the giant cockroach!
The endoplasm hits you.
You barely miss the endoplasm.
You pierce the endoplasm.
You squeeze the endoplasm.
You kill the endoplasm!
Your transformation is almost over.
You tentacle-slap the hobgoblin. Your grab misses the hobgoblin.
The hobgoblin is almost dead.
The hobgoblin hits you.
You closely miss the hobgoblin. You grab the hobgoblin.
The hobgoblin is almost dead.
You constrict the hobgoblin, but do no damage.
The hobgoblin hits you.
* * * LOW HITPOINT WARNING * * *
A hobgoblin is nearby!
You tentacle-slap the hobgoblin.
You kill the hobgoblin!
You have reached level 2!
Your tentacle spike disappears.
Key pressed, stopping explore.
You now have 14 gold pieces.
You now have 21 gold pieces (gained 7).
Key pressed, stopping explore.
A jackal comes into view.
The jackal barks!
You hear a bark!
A jackal is nearby!
A jackal is nearby!
One of your tentacles grows a vicious spike.
A jackal comes into view.
The jackal closely misses you. The jackal completely misses you.
Are you sure you want to abandon this character and quit the game? (Confirm with "yes".)

##.......+⌠<⌠ ##
##).......##⌠#
..##..........#+#
#.....>.......#+#
##...........##.#
##.......#.##...
##......##....8.
###.......########
#@....[...........
#.h..h.##.......#######
...#######.......#
##.....## ##...## #####


You could see 2 jackals.

Vanquished Creatures
  An endoplasm (D:1)
  2 giant cockroaches (D:1)
  A hobgoblin (D:1)
  2 kobolds (D:1)
6 creatures vanquished.

Notes
Turn   | Place    | Note
-------+----------+-------------------------------------------
     0 | D:1      | ytrimaz the Octopode Transmuter began the quest for the
                  | Orb.
     0 | D:1      | Reached XP level 1. HP: 13/13 MP: 3/3
   191 | D:1      | Reached XP level 2. HP: 2/18 MP: 3/5
   515 | D:1      | Quit the game

Illustrated notes

Levels and vault maps discovered:
D:1:      grunt_arrival_crossed_arrows, layout_rooms, minmay_misc_feat_rows

Action                   || total
-------------------------++-------
Melee: Unarmed           ||    14
       Constrict         ||     4
       Tentacles         ||     4
       Kick              ||     1
 Cast: Beastly Appendage ||     3
Armor: Skin              ||     1
Dodge: Dodged            ||     4

Table legend: (Time is in decaauts)
 A = Elapsed time spent in this place.
 B = Non-inter-level travel time spent in this place.
 C = Inter-level travel time spent in this place.
 D = Time resting spent in this place.
 E = Time spent auto-exploring this place.
 F = Levels seen in this place.
 G = Mean time per level.
                   A        B        C        D        E       F      G
               +--------+--------+--------+--------+--------+-----+--------+
         Total |    514 |    514 |      0 |      0 |    482 |   1 |  514.0 |
       Dungeon |    514 |    514 |      0 |      0 |    482 |   1 |  514.0 |
               +--------+--------+--------+--------+--------+-----+--------+

Top non-repeatable levels by time:
     D:1: 514 daAuts
